 Dungeon Crawl Stone Soup version 0.28.0 (webtiles) character file.

Game seed: 3064965213452249956

9411 RighteousDevil the Cleaver (level 11, -3/65 HPs)
             Began as a Djinni Artificer on Feb 10, 2022.
             Was a Priest of Hepliaklqana.
             Slain by a blink frog (8 damage)
             ... on level 1 of the Lair of Beasts.
             The game lasted 00:24:01 (11819 turns).

RighteousDevil the Cleaver (Djinni Artificer)      Turns: 11819, Time: 00:24:02

Health: -3/65      AC: 13    Str: 15    XL:     11   Next: 73%
Gold:   516        EV: 11    Int: 12    God:    Hepliaklqana [***...] SH:  0 Dex: 15

rFire   + + +      SeeInvis .   b - +2 executioner's axe (venom)
rCold   . . .      Faith    .   (shield currently unavailable)
rNeg    . . .      Spirit   .   k - +0 scale mail
rPois   ∞          Reflect  .   h - +0 helmet
rElec   +          Harm     .   g - +2 cloak
rCorr   +          Rampage  .   n - +2 pair of gloves
Will    +....                   (boots unavailable)
Stlth   ..........              (no amulet)
HPRegen 0.20/turn               l - ring of wizardry
MPRegen 0.00/turn               (no ring)

@: resistant, attractive, flying
A: reduced essence, sickness immunity, fire resistance 2, cold vulnerability 1,
float, innate caster, HP casting, extra vitality 1
a: Renounce Religion, Recall Ancestor, Ancestor Identity, Transference


You were on level 1 of the Lair of Beasts.
You worshipped Hepliaklqana.
Hepliaklqana was most pleased with you.
You visited 2 branches of the dungeon, and saw 10 of its levels.

You collected 516 gold pieces.

Inventory:

Hand Weapons
 a - a +3 short sword of venom
 b - a +2 executioner's axe of venom (weapon)
Missiles
 f - 312 stones
Armour
 g - a +2 cloak (worn)
 h - a +0 helmet (worn)
 k - a +0 scale mail (worn)
 n - a +2 pair of gloves (worn)
Jewellery
 j - an amulet of faith
 l - a ring of wizardry (left hand)
Wands
 c - a wand of flame (11)
 d - a wand of charming (7)
 i - a wand of digging (5)
 o - a wand of iceblast (1)
 p - a wand of polymorph (7)
Scrolls
 m - a scroll of vulnerability
 r - a scroll of fog
 v - a scroll of magic mapping
 y - a scroll of identify
Potions
 s - 3 potions of brilliance
Miscellaneous
 e - a piece from Xom's chessboard (14/15)


   Skills:
 - Level 4.2 Fighting
 - Level 3.3 Short Blades
 + Level 13.3 Axes
 - Level 1.0 Armour
 - Level 5.1 Dodging
 - Level 0.7 Stealth
 - Level 1.0 Spellcasting
 - Level 3.0 Evocations


You couldn't memorise any spells.
You knew the following spells:

 Your Spells              Type           Power      Damage    Failure   Level
a - Sandblast             Erth           6%         2d5       32%         1
b - Blink                 Tloc           6%         N/A       43%         2
c - Tukima's Dance        Hex            3%         N/A       65%         3
d - Ignite Poison         Fire/Tmut/Pois 3%         N/A       65%         3
e - Summon Ice Beast      Ice/Summ       3%         N/A       95%         4
Your spell library was empty.

Dungeon Overview and Level Annotations

Branches:
Dungeon (9/15)             Temple (0/1) D:5            Lair (1/6) D:9
    Orc: D:9-12

Altars:
Gozag
Hepliaklqana
Nemelex Xobeh
Qazlal
Uskayaw
Vehumet
Zin

Shops:
D:1 ?   D:9 :

Annotations:
D:4 1 runed translucent door, indyram44's ghost, novice GrFi


Innate Abilities, Weirdness & Mutations

Your life essence is reduced to manifest your ancestor. (-10% HP)
You are immune to sickness and miasma.
You are immune to poison.
Your flesh is very heat resistant. (rF++)
You are vulnerable to cold. (rC-)
You float through the air rather than walking.
You learn spells naturally, not from books.
Your magical power is your life essence.
You have superior vitality. (+4 MHP)


Message History

The blink frog hits Pakellas but does no damage.
Pakellas misses the blink frog.
Pakellas blocks the blink frog's attack.
Pakellas hits the blink frog with a +0 flail!
The blink frog hits Pakellas!
The blink frog blinks!
The blink frog closely misses Pakellas.
The blink frog hits you but does no damage.
The blink frog barely misses Pakellas.
The blink frog misses you.
You swap places.
Pakellas hits the blink frog with a +0 flail!
The blink frog dies!
The blink frog hits Pakellas!
The blink frog blinks!
The blink frog misses you.
You slash the blink frog!
The blink frog looks as sick as possible!
The blink frog is moderately wounded.
You slice the blink frog!!
The blink frog blinks!
The blink frog hits you!
* * * LOW HITPOINT WARNING * * *
Pakellas hits the blink frog with a +0 flail.
The blink frog hits you but does no damage.
It was a potion of resistance.
You feel protected. The blink frog closely misses you.
The blink frog hits you but does no damage.
Pakellas hits the blink frog with a +0 flail!
The blink frog closely misses you.
Unknown command.
The blink frog hits you.
* * * LOW HITPOINT WARNING * * *
The blink frog blinks!
Unknown command.
Okay, then.
You make a move on Xom's chessboard...
The blink frog flickers and vanishes!
Deactivating autopickup; reactivate with Ctrl-A.
Something hits you but does no damage.
Pakellas barely misses the blink frog.
Unknown command.
Okay, then.
It was a potion of attraction.
You feel attractive to monsters. Something hits you!
You die...

#.# ##.. #P.#
#..# ### ##
#..#
..F.#P###..#
#...†R..#
####§{F.##
##@#..# #
###..# # ##.##
## ##.##
#####. #..###
#.##P.
#...P#####....
##...##......#
#.......#PP.##
..?......##
#...#..######


You could see the friendly Pakellas the knight and 2 blink frogs.

Vanquished Creatures
  Gastronok (D:9)
  Erica (D:8)
  A cane toad (Lair:1)
  A troll (D:9)
  A dream sheep (D:8)
  A blink frog (Lair:1)
  A wraith (D:9)
  4 humans (D:6)
  8 yaks
  A steam dragon (D:8)
  An acid dragon (D:8)
  A water moccasin (D:5)
  A hornet zombie (D:8)
  2 black bears
  3 sky beasts
  2 orc warriors (D:9)
  2 ogres
  2 centaurs
  3 kobold brigands
  A phantom (D:5)
  3 bullfrogs
  2 scorpions
  3 killer bees (D:8)
  2 wights
  A bullfrog zombie (D:5)
  A jelly (D:4)
  A hound (D:5)
  2 orc priests
  2 gnoll shamans
  3 iguanas
  6 orc wizards
  A hound skeleton (D:5)
  9 gnolls
  4 adders
  A white imp (D:7)
  An ufetubus (D:5)
  2 worms
  4 dart slugs
  18 orcs
  8 endoplasms
  4 giant cockroaches
  7 goblins
  5 hobgoblins
  4 jackals (D:1)
  2 quokkas
  7 ball pythons
  8 bats
  A jackal skeleton (D:4)
  19 kobolds
  5 rats
174 creatures vanquished.

Vanquished Creatures (collateral kills)
  2 komodo dragons
  Grinder (D:5)
  A blink frog (Lair:1)
  A human (D:6)
  2 water moccasins
  An orc warrior (D:7)
  An ogre (D:6)
  2 centaurs (D:6)
  A kobold brigand (D:8)
  A bullfrog (D:4)
  A scorpion (D:7)
  A killer bee (D:8)
  A wight (D:9)
  5 orc priests
  A hound (D:6)
  6 orc wizards
  2 killer bee zombies (D:7)
  6 gnolls
  A white imp (D:6)
  6 orcs
  A hobgoblin (D:4)
  3 kobolds
47 creatures vanquished.

Vanquished Creatures (others)
  2 knights
  A gnoll (D:6)
  An ancestor (D:4)
  15 fungi (D:9)
  16 plants
35 creatures vanquished.

Grand Total: 256 creatures vanquished

Notes
Turn   | Place    | Note
-------+----------+-------------------------------------------
     0 | D:1      | RighteousDevil the Djinni Artificer began the quest for the
                  | Orb.
     0 | D:1      | Reached XP level 1. HP: 17/17 MP: 0/0
   160 | D:1      | Reached XP level 2. HP: 17/22 MP: 0/0
   373 | D:1      | Found Oquepp's Magic Scroll Shoppe.
   929 | D:1      | Reached XP level 3. HP: 27/27 MP: 0/0
   929 | D:1      | Learned a level 1 spell: Sandblast
  1435 | D:1      | Reached skill level 1 in Spellcasting
  1949 | D:2      | Reached XP level 4. HP: 15/33 MP: 0/0
  2125 | D:2      | Found a hazy altar of Hepliaklqana.
  2135 | D:2      | Became a worshipper of Hepliaklqana the Forgotten
  2232 | D:2      | Found a faded altar of an unknown god.
  2480 | D:3      | Reached skill level 1 in Short Blades
  2799 | D:3      | Reached XP level 5. HP: 23/39 MP: 0/0
  2799 | D:3      | Learned a level 2 spell: Blink
  3363 | D:3      | Found a glowing silver altar of Zin.
  3363 | D:3      | Found an opulent altar of Gozag.
  3775 | D:3      | Noticed an ogre
  3788 | D:3      | Killed an ogre
  3789 | D:3      | Reached XP level 6. HP: 20/46 MP: 0/0
  3924 | D:3      | Found a stormy altar of Qazlal.
  3925 | D:3      | Found a sparkling altar of Nemelex Xobeh.
  4110 | D:4      | Reached * piety under Hepliaklqana
  4356 | D:4      | Noticed a black bear
  4393 | D:4      | Killed a black bear
  4394 | D:4      | Reached XP level 7. HP: 42/45 MP: 0/0
  4394 | D:4      | Learned a level 3 spell: Tukima's Dance
  4610 | D:4      | Found a runed translucent door.
  4610 | D:4      | Noticed indyram44's ghost (novice GrFi)
  4712 | D:4      | Identified the +7 spear of Chagrin {vamp, *Corrode rPois
                  | rF+ rC+}
  4727 | D:4      | Reached skill level 5 in Dodging
  5175 | D:4      | Reached skill level 1 in Axes
  5349 | D:5      | Entered Level 5 of the Dungeon
  5361 | D:5      | Noticed Grinder
  5374 | D:5      | Killed Grinder
  5375 | D:5      | Reached skill level 3 in Axes
  5375 | D:5      | Reached XP level 8. HP: 46/52 MP: 0/0
  5448 | D:5      | Reached skill level 4 in Axes
  5715 | D:5      | Identified the +4 dagger "Impslayer" {vamp, Stlth+}
  5799 | D:5      | Found a staircase to the Ecumenical Temple.
  6103 | D:5      | Reached ** piety under Hepliaklqana
  6115 | D:5      | Reached skill level 5 in Axes
  6115 | D:5      | Remembered your ancestor Pakellas as a knight
  6518 | D:6      | Reached XP level 9. HP: 42/55 MP: 0/0
  6518 | D:6      | Learned a level 3 spell: Ignite Poison
  6532 | D:6      | Reached skill level 6 in Axes
  7061 | D:6      | Reached skill level 7 in Axes
  7094 | D:6      | Reached skill level 8 in Axes
  8054 | D:7      | Reached XP level 10. HP: 61/61 MP: 0/0
  8064 | D:7      | Reached skill level 9 in Axes
  8127 | D:7      | Found a hide-covered altar of Uskayaw.
  8487 | D:8      | Reached *** piety under Hepliaklqana
  8605 | D:8      | Noticed Erica
  8614 | D:8      | Reached skill level 10 in Axes
  8616 | D:8      | Killed Erica
  9010 | D:8      | Reached skill level 11 in Axes
  9163 | D:8      | Noticed a two-headed ogre
  9170 | D:8      | a two-headed ogre changed into a dream sheep
  9366 | D:8      | Reached XP level 11. HP: 29/65 MP: 0/0
  9366 | D:8      | Learned a level 4 spell: Summon Ice Beast
  9836 | D:9      | Noticed Gastronok
  9848 | D:9      | Killed Gastronok
  9849 | D:9      | Reached skill level 12 in Axes
 10185 | D:9      | Found Holakawu's Book Shop.
 10707 | D:9      | Found a staircase to the Lair.
 10859 | D:9      | Reached skill level 13 in Axes
 10898 | Lair:1   | Entered Level 1 of the Lair of Beasts
 11819 | Lair:1   | Slain by a blink frog

Illustrated notes

Levels and vault maps discovered:
D:1:      onia_arrival_mini_spirals, layout_loops_corners, serial_shops,
          nicolae_shop_behind_doors
D:2:      layout_rooms, basic_altar, basic_ecumenical_altar
D:3:      layout_loops_ring, grunt_temple_overflow_gold_and_silver, minitemple,
          dk_noncrumbling_3
D:4:      layout_loops_corners, hellmonk_ghost_happy_afterlife,
          hangedman_decor_riveting
D:5:      layout_gridville, minmay_temple_entry_gardened_gates,
          dk_rats_in_the_wall, uniq_grinder
D:6:      layout_basic, minmay_ruffians
D:7:      layout_rooms, mainiacjoe_overflow_brackets, nicolae_vehumet_radiance,
          amethyst_killhole
D:8:      layout_loops_cross, uniq_erica
D:9:      minmay_razor_zed, layout_loops_ring, grunt_lair_entry_orc_guard_hut,
          hiddenorc1_lemuel, serial_shops, nicolae_lakefront_shop,
          uniq_gastronok
Lair:1:   layout_cave_pods

Skill      XL: |  1  2  3  4  5  6  7  8  9 10 11 |
---------------+----------------------------------+-----
Spellcasting   | 1 |  1.0
Dodging        | 3 4 5 |  5.1
Fighting       | 2 3 4 |  4.2
Short Blades   | 1 2 3 |  3.3
Axes           | 3 5 8 11 13 | 13.3
Armour         | |  1.0
Stealth        | |  0.7
Evocations     | |  3.0

Action                   |  1- 3 |  4- 6 |  7- 9 | 10-12 || total
-------------------------+-------+-------+-------+-------++-------
Melee: Club              |    82 |       |       |       ||    82
       Punch             |     3 |     2 |     4 |       ||     9
       Short sword       |    28 |   145 |   156 |       ||   329
       Dagger            |       |       |    85 |       ||    85
       Executioner's axe |       |       |     2 |   173 ||   175
 Cast: Sandblast         |     3 |       |     1 |       ||     4
Invok: Ancestor Identity |       |     1 |       |       ||     1
       Ancestor Life: Kn |       |       |     1 |       ||     1
       Recall Ancestor   |       |       |       |     2 ||     2
Evoke: Wand              |     1 |     4 |    10 |     2 ||    17
       Piece from Xom's  |       |     1 |       |     2 ||     3
  Use: Scroll            |     5 |     6 |     2 |     9 ||    22
       Potion            |     1 |       |     2 |     7 ||    10
 Stab: Distracted        |       |       |     2 |     2 ||     4
Armor: Leather armour    |    24 |       |       |       ||    24
       Scale mail        |     4 |    74 |   114 |   122 ||   314
Dodge: Dodged            |    85 |    81 |   139 |   140 ||   445
